 Dungeon Crawl Stone Soup version 0.17-a0-1850-g688e747 (webtiles) character file.

118 Stormsson the Magician (level 4, -1/27 HPs)
             Began as a High Elf Wizard on Sept 18, 2015.
             Slain by an adder (3 damage)
             ... on level 3 of the Dungeon.
             The game lasted 00:19:44 (3124 turns).

Stormsson the Magician (High Elf Wizard)            Turns: 3124, Time: 00:19:44

Health: -1/27      AC:  2    Str:  6      XL:     4   Next: 72%
Magic:  10/11      EV: 13    Int: 21 (23) God:
Gold:   117        SH:  0    Dex: 13      Spells: 3 memorised, 5 levels left

rFire  . . .     SeeInvis .     g - +2 short sword (speed)
rCold  . . .     Clarity  .     a - +0 robe
rNeg   . . .     SustAt   .     (no shield)
rPois  .         Gourm    .     b - +0 hat
rElec  .         Spirit   .     (no cloak)
rCorr  .         Warding  .     (no gloves)
rMut   .         Stasis   .     (no boots)
MR     .....                    (no amulet)
Stlth  ++........               (no ring)
                                (no ring)

@: not resistant to hostile enchantments, unstealthy
A: no striking features
a: no special abilities


You were on level 3 of the Dungeon.
You were not hungry.

You visited 1 branch of the dungeon, and saw 3 of its levels.

You collected 117 gold pieces.

Inventory:

Hand weapons
 e - a +0 dagger
 g - a +2 short sword of speed (weapon)
 i - a +2 vampiric dagger
Armour
 a - a +0 robe (worn)
 b - a +0 hat (worn)
Jewellery
 j - a cursed ring of teleportation
Scrolls
 h - 2 scrolls of identify
 l - a scroll of magic mapping {unknown}
 m - a scroll of remove curse {unknown}
 n - a scroll of noise {unknown}
Potions
 d - a potion of haste
 f - 2 potions of resistance
 k - a potion of poison {unknown}
Books
 c - a book of Minor Magic

   Spells                             Type                      Level
   a - Magic Dart                     Conjuration                  1
   b - Blink                          Translocation                2
   c - Call Imp                       Summoning                    2
   d - Repel Missiles                 Charms/Air                   2
   e - Slow                           Hexes                        2
   f - Conjure Flame                  Conjuration/Fire             3
   g - Mephitic Cloud                 Conjuration/Poison/Air       3
Comestibles
 o - 4 fruits


   Skills:
 + Level 2.1 Short Blades
 + Level 2.9 Dodging
 - Level 2.4 Stealth
 - Level 4.2 Spellcasting
 * Level 2.9 Conjurations
 + Level 1.5 Summonings
   Level 1.1 Translocations


You had 5 spell levels left.
You knew the following spells:

 Your Spells              Type           Power        Failure   Level  Hunger
a - Magic Dart            Conj           ###.         4%          1    None
b - Call Imp              Summ           ##......     12%         2    #......
c - Conjure Flame         Conj/Fire      ##......     21%         3    ###....


Dungeon Overview and Level Annotations

Branches:
Dungeon (3/15)

Altars:


Message History

You hit the adder.
The adder is moderately wounded.
The adder bites you.
* * * LOW HITPOINT WARNING * * *
You miss the adder.
The adder is moderately wounded.
The adder misses you.
You hit the adder.
The adder is severely wounded.
Casting: Magic Dart
Confirm with . or Enter, or press ? or * to list all spells.
Aiming: Magic Dart
Press: ? - help, Shift-Dir - straight line, f - adder
Aim: an adder (severely wounded)
The magic dart hits the adder.
The adder is severely wounded.
The adder bites you.
* * * LOW HITPOINT WARNING * * *
The adder bites you.
You die...

#####.##.## ##.##
#. #.# ##)## #. #.#
#####.).###... ..
..####.............
#.
####...............
#.#o#######.###.
##.#.#### #P#
#.......# .#
###.@#.##.## #
#...S).....#
#.#..##.#.## #
#<.......#
#..##.#..#
#.###.#>.# #.#
#.#..# ... .#..#
.## ####


You could see an adder and an orc.

Vanquished Creatures
  An orc wizard (D:3)
  4 adders
  An ooze (D:1)
  A giant gecko (D:1)
  5 orcs (D:3)
  A ball python (D:1)
  4 bats
  5 goblins
  6 hobgoblins
  2 jackals (D:2)
  6 kobolds
  A giant cockroach (D:1)
  A giant newt (D:2)
  11 rats
49 creatures vanquished.

Notes
Turn   | Place    | Note
--------------------------------------------------------------
     0 | D:1      | Stormsson the High Elf Wizard began the quest for the Orb.
     0 | D:1      | Reached XP level 1. HP: 11/11 MP: 6/6
   478 | D:1      | Reached skill level 4 in Spellcasting
   553 | D:1      | Reached XP level 2. HP: 17/17 MP: 4/8
   557 | D:1      | Learned a level 2 spell: Call Imp
  1715 | D:2      | Reached XP level 3. HP: 19/21 MP: 9/9
  1743 | D:2      | Learned a level 3 spell: Conjure Flame
  1931 | D:2      | Reached skill level 1 in Short Blades
  1931 | D:2      | Reached skill level 1 in Summonings
  2881 | D:3      | Reached XP level 4. HP: 25/27 MP: 8/11
  3124 | D:3      | Slain by an adder

Vault maps used:
D:1:      mrwooster_arrival_statue_3
D:2:      serial_aquarium, aquarium_bridge_square, aquarium_bridge_island_small,
          aquarium_window_fake, aquarium_window_corner, aquarium_view_2e,
          aquarium_view_2c, minmay_close_crescents
D:3:      nicolae_ru_the_path_less_chosen, first_bread

Action                   |  1- 3 |  4- 6 || total
-------------------------+-------+-------++-------
Melee: Dagger            |     3 |       ||     3
       Short sword       |    55 |    26 ||    81
 Cast: Magic Dart        |    78 |    12 ||    90
       Conjure Flame     |     1 |     1 ||     2
       Call Imp          |     1 |       ||     1
  Use: Potion            |    11 |       ||    11
       Scroll            |     1 |       ||     1
 Stab: Sleeping          |       |     1 ||     1
  Eat: Bread ration      |     1 |       ||     1
       Pizza             |     1 |       ||     1
       Fruit             |       |     1 ||     1
